 Dungeon Crawl Stone Soup version 0.29.1-15-g9cfb28693d (webtiles) character file.

Game seed: 12362361638092110659

95 javelincjr the Distorting Demonspawn (level 4, 0/36 HPs)
             Began as a Demonspawn Abyssal Knight on Mar 23, 2023.
             Was a Believer of Lugonu.
             Slain by a river rat (3 damage)
             ... on level 3 of the Dungeon.
             The game lasted 00:07:22 (2279 turns).

javelincjr the Distorting Demonspawn (DsAK)         Turns: 2279, Time: 00:07:22

Health: 0/36       AC:  6    Str: 20    XL:     4   Next: 39%
Magic:  6/6        EV: 15    Int: 13    God:    Lugonu [**....]
Gold:   75         SH:  7    Dex: 13    Spells: 3/3 levels left

rFire   . . .      SeeInvis .   a - +1 hand axe
rCold   . . .      Faith    .   e - +0 kite shield
rNeg    . . .      Spirit   .   o - +0 ring mail
rPois   .          Reflect  .   (no helmet)
rElec   .          Harm     .   (no cloak)
rCorr   .          Rampage  .   n - +0 pair of gloves
Will    .....                   (no boots)
Stlth   +.........              j - amulet of magic regeneration
HPRegen 0.12/turn               f - +4 ring of evasion
MPRegen 0.50/turn               l - +6 ring of strength

@: no status effects
A: repulsion field 1, demonic guardian 1
a: Renounce Religion, Depart the Abyss, Bend Space


You were on level 3 of the Dungeon.
You worshipped Lugonu.
Lugonu was pleased with you.
You visited 1 branch of the dungeon, and saw 3 of its levels.
You visited the Abyss 1 time.

You collected 75 gold pieces.

Inventory:

Hand Weapons
 a - a +1 hand axe (weapon)
 x - a +1 dagger of flaming
Armour
 b - a +0 leather armour
 e - a +0 kite shield (worn)
 n - a +0 pair of gloves (worn)
 o - a +0 ring mail (worn)
Jewellery
 f - a +4 ring of evasion (left hand)
 j - an amulet of magic regeneration (around neck)
 l - a +6 ring of strength (right hand)
 r - an amulet of faith
 w - a ring of wizardry
Scrolls
 c - a scroll of immolation
 k - a scroll of amnesia
 m - a scroll of identify
 q - a scroll of brand weapon {unknown}
 v - a scroll of blinking {unknown}
Potions
 d - a potion of flight {unknown}
 g - a potion of invisibility
 h - a potion of curing {unknown}
 i - a potion of heal wounds {unknown}
 p - a potion of lignification {unknown}
 s - a potion of ambrosia {unknown}
 t - a potion of magic {unknown}
 u - a potion of cancellation {unknown}


   Skills:
 * Level 3.6 Fighting
 + Level 2.3 Axes
 + Level 2.2 Armour
 + Level 1.5 Dodging
 + Level 0.7 Shields
 * Level 3.8 Invocations


You had 3 spell levels left.
You didn't know any spells.
Your spell library was empty.

Dungeon Overview and Level Annotations

Branches:
Dungeon (3/15)

Altars:

Portals:
Sewer: D:3

Annotations:
D:3 Sigmund


Innate Abilities, Weirdness & Mutations

You are surrounded by a mild repulsion field. (EV +2)
A weak demonic guardian rushes to your aid.


Message History

Reactivating autopickup.
You open the door. 2 giant cockroaches, a river rat and a rat come into view.
Found a glowing drain.
There is an open door here.
You enter the shallow water.
Moving in this stuff is going to be slow.
The giant cockroach bites you.
* * * LOW HITPOINT WARNING * * *
A demonic guardian appears!
The rat closely misses you.
You barely miss the giant cockroach. You closely miss the giant cockroach.
You barely miss the rat. You block the giant cockroach's attack.
Sigmund hits your iron imp with a +0 scythe!
The giant cockroach closely misses you.
The giant cockroach splashes around in the water.
Your iron imp hits Sigmund.
You slash the giant cockroach!
You kill the giant cockroach!
Lugonu accepts your kill.
You hit the rat.
You kill the rat!
Lugonu accepts your kill.
You hit the giant cockroach. You hit the river rat but do no damage.
You block the giant cockroach's attack. The river rat closely misses you.
Sigmund misses your iron imp.
Your iron imp hits Sigmund.
The giant cockroach splashes around in the water.
The river rat closely misses you.
The giant cockroach bites you but does no damage.
The river rat misses you.
You see here a giant cockroach corpse.
The giant cockroach waves its antennae.
You block the giant cockroach's attack. The river rat bites you.
* * * LOW HITPOINT WARNING * * *
A demonic guardian appears!
Sigmund hits your iron imp but does no damage.
The giant cockroach splashes around in the water.
You block the river rat's attack.
There is a glowing drain here.
You block the giant cockroach's attack. The river rat bites you.
You die...

##. ###.. ##
..=####### .# .#
#.#~~~~~# .# ##.
#.#~B~~~# .## #..
#.#5†@5~# ..####.#
#.@~r~~~# #...##.#
#.#######
...)...#####.......!.
.###...##.....######.#
.......>..###### .#
####.#..@........ #
#.#..######### #{##.#


You could see Sigmund, a river rat, a giant cockroach (ally target), a friendly
iron imp (summoned) and a friendly white imp (summoned).

Vanquished Creatures
  Jessica (D:3)
  2 adders (D:2)
  3 dart slugs
  6 ball pythons
  2 endoplasms
  2 giant cockroaches (D:3)
  4 goblins
  7 hobgoblins
  6 kobolds
  3 quokkas
  2 frilled lizards (D:3)
  5 rats
43 creatures vanquished.

Notes
Turn   | Place    | Note
-------+----------+-------------------------------------------
     0 | Abyss:1  | javelincjr the Demonspawn Abyssal Knight began the quest
                  | for the Orb.
     0 | Abyss:1  | Reached XP level 1. HP: 18/18 MP: 2/2
    20 | Abyss:1  | Found a corrupted altar of Lugonu.
    75 | Abyss:1  | Noticed an ancient zyme
    77 | Abyss:1  | Noticed a starcursed mass
    77 | Abyss:1  | Noticed a lich
    78 | D:1      | Escaped the Abyss
   227 | D:1      | Reached skill level 1 in Dodging
   425 | D:1      | Gained mutation: You are surrounded by a mild repulsion
                  | field. (EV +2) [demonic ancestry]
   425 | D:1      | Reached XP level 2. HP: 16/24 MP: 4/4
   648 | D:1      | Found a faded altar of an unknown god.
  1331 | D:2      | Gained mutation: A weak demonic guardian rushes to your
                  | aid. [demonic ancestry]
  1331 | D:2      | Reached XP level 3. HP: 29/29 MP: 5/5
  2226 | D:3      | Noticed Jessica
  2233 | D:3      | Noticed Sigmund
  2238 | D:3      | Killed Jessica
  2238 | D:3      | Reached *** piety under Lugonu
  2239 | D:3      | Reached XP level 4. HP: 36/36 MP: 6/6
  2272 | D:3      | Found a glowing drain.
  2279 | D:3      | Slain by a river rat

Illustrated notes

Levels and vault maps discovered:
D:1:      mushboom_english_gardens, layout_basic,
          dilly_ecumenical_altar_fadedgnrine
D:2:      layout_rooms
D:3:      layout_basic, portal_sewer_entry_c, uniq_jessica, uniq_sigmund

Skill      XL: |  1  2 |
---------------+-------+-----
Dodging        | 1 |  1.5
Axes           | 2 |  2.3
Armour         | 2 |  2.2
Invocations    | 3 |  3.8
Fighting       | |  3.6
Shields        | |  0.7

Action                   |  1- 3 |  4- 6 || total
-------------------------+-------+-------++-------
Melee: Hand axe          |   124 |     7 ||   131
       Punch             |     1 |       ||     1
Invok: Depart the Abyss  |     1 |       ||     1
       Banish            |       |     1 ||     1
  Use: Scroll            |     7 |       ||     7
 Stab: Sleeping          |     1 |       ||     1
Armor: Leather armour    |     9 |       ||     9
       Ring mail         |    23 |     1 ||    24
Dodge: Dodged            |    82 |     5 ||    87
Block: Kite shield       |    41 |     5 ||    46
